 Dungeon Crawl Stone Soup version 0.29.0-5-ge4962eb29e (webtiles) character file.

Game seed: 14652223822485057112

4617 Ijustatesigmund the Magician (level 10, -10/74 HPs)
             Began as a Gnoll Earth Elementalist on Aug 29, 2022.
             Was an Initiate of Cheibriados.
             Mangled by a skeletal warrior
             ... wielding a +0 hand axe
              (21 damage)
             ... on level 7 of the Dungeon.
             The game lasted 00:51:09 (12142 turns).

Ijustatesigmund the Magician (GnEE)                Turns: 12142, Time: 00:51:09

Health: -10/74     AC:  8    Str: 10    XL:     10   Next: 42%
Magic:  29/30      EV: 14    Int: 17    God:    Cheibriados [......]
Gold:   109        SH:  5    Dex: 15    Spells: 14/24 levels left

rFire   . . .      SeeInvis .   F - +2 morningstar (holy)
rCold   . . .      Faith    .   w - +0 buckler
rNeg    . . .      Spirit   .   g - +0 leather armour
rPois   .          Reflect  .   o - +0 helmet
rElec   .          Harm     .   u - +0 cloak
rCorr   .          Rampage  .   q - +1 pair of gloves
Will    .....                   (no boots)
Stlth   +++.......              (no amulet)
HPRegen 0.22/turn               t - ring of magical power
MPRegen 0.22/turn               (no ring)

@: flying, very slow
A: fangs 1, strong nose, distributed training
a: Renounce Religion


You were on level 7 of the Dungeon.
You worshipped Cheibriados.
Cheibriados was noncommittal.
You visited 2 branches of the dungeon, and saw 8 of its levels.
You also visited: Sewer.

You collected 336 gold pieces.
You spent 227 gold pieces at shops.

Inventory:

Hand Weapons
 c - a +0 trident of flaming
 l - a +1 vampiric spear
 F - a +2 morningstar of holy wrath (weapon)
Missiles
 A - 7 poisoned darts
 D - a throwing net
Armour
 g - a +0 leather armour (worn)
 o - a +0 helmet (worn)
 q - a +1 pair of gloves (worn)
 u - a +0 cloak (worn)
 w - a +0 buckler (worn)
Magical Staves
 f - a staff of death
Jewellery
 t - a ring of magical power (left hand)
Wands
 d - a wand of mindburst (23)
 n - a wand of paralysis (2)
 p - a wand of polymorph (4)
 G - a wand of roots (2)
Scrolls
 a - a scroll of blinking
 h - 4 scrolls of magic mapping
 i - a scroll of fear
 y - a scroll of fog
 B - a scroll of vulnerability {unknown}
 C - a scroll of immolation {unknown}
 E - a scroll of identify
Potions
 b - a potion of magic
 e - a potion of haste
 j - 3 potions of flight
 k - 4 potions of curing
 m - 3 potions of mutation {unknown}
 r - a potion of might {unknown}
 s - 2 potions of lignification {unknown}
 v - a potion of attraction {unknown}
 x - a potion of cancellation {unknown}
 z - a potion of invisibility {unknown}


   Skills:
 + Level 5.4 Fighting
 + Level 5.4 Short Blades
 + Level 5.4 Long Blades
 + Level 5.4 Axes
 + Level 5.4 Maces & Flails
 + Level 5.4 Polearms
 + Level 5.4 Staves
 + Level 5.4 Ranged Weapons
 + Level 5.4 Throwing
 + Level 5.4 Armour
 + Level 7.2 Dodging
 + Level 7.0 Stealth
 + Level 5.4 Shields
 + Level 5.4 Unarmed Combat
 + Level 7.5 Spellcasting
 + Level 4.5 Conjurations
 + Level 4.5 Hexes
 + Level 4.5 Summonings
 + Level 4.5 Necromancy
 + Level 4.5 Translocations
 + Level 5.0 Transmutations
 + Level 4.5 Fire Magic
 + Level 4.5 Ice Magic
 + Level 4.5 Air Magic
 + Level 7.2 Earth Magic
 + Level 4.5 Poison Magic
 + Level 6.0 Invocations
 + Level 5.4 Evocations


You had 14 spell levels left.
You knew the following spells:

 Your Spells              Type           Power      Damage    Failure   Level
a - Sandblast             Erth           60%        2d14      1%          1
b - Stone Arrow           Conj/Erth      52%        3d10      4%          3
c - Passwall              Tmut/Erth      22%        N/A       2%          2
d - Petrify               Tmut/Erth      27%        N/A       14%         4

Your spell library contained the following spells:

 Spells                   Type           Power      Damage    Failure   Level
 Magic Dart               Conj           84%        1d7       3%          1
 Searing Ray              Conj           42%        2d6       4%          2
 Summon Guardian Golem    Hex/Summ       21%        N/A       9%          3
 Fulminant Prism          Conj/Hex       10%        3d9       28%         4
 Summon Forest            Summ/Tloc      10%        N/A       63%         5
 Summon Mana Viper        Hex/Summ       21%        N/A       63%         5
 Summon Cactus Giant      Summ           10%        N/A       99%         6
 Orb of Destruction       Conj           10%        9d6       100%        7
 Spellforged Servitor     Conj/Summ      10%        N/A       100%        7


Dungeon Overview and Level Annotations

Branches:
Dungeon (7/15)             Temple (1/1) D:7           Sewer (visited)

Altars:
Ashenzari
Cheibriados
Dithmenos
Elyvilon
Fedhas
Gozag
Hepliaklqana
Kikubaaqudgha
Makhleb
Nemelex Xobeh
Ru
Trog
Vehumet
Xom
Zin
The Shining One

Shops:
D:1 :!*!   D:2 (   D:6 [   D:7 [


Innate Abilities, Weirdness & Mutations

You have very sharp teeth.
Your uncanny sense of smell can sniff out nearby items.
Your experience applies equally to all skills.


Message History

Confirm with . or Enter, or press ? or * to list all spells.
Aiming: Stone Arrow (dangerous; 4% risk of failure)
Press: ? - help, Shift-Dir - straight line, f - orc wizard
Aim: an orc wizard, wielding a +0 dagger and wearing a +0 robe (64% to hit)
The stone arrow hits the orc wizard!
You kill the orc wizard!
Cheibriados thoroughly appreciates the change of pace.
The skeletal warrior hits you with a +0 hand axe!
You hit the skeletal warrior.
The skeletal warrior convulses.
Your bite misses the skeletal warrior.
The skeletal warrior is moderately damaged.
The skeletal warrior closely misses you. x2
You puncture the skeletal warrior!
The skeletal warrior convulses!
You bite the skeletal warrior, but do no damage.
The skeletal warrior is severely damaged.
The skeletal warrior hits you with a +0 hand axe!
You hit the skeletal warrior.
The skeletal warrior convulses.
You bite the skeletal warrior, but do no damage.
The skeletal warrior is severely damaged.
The skeletal warrior barely misses you.
You hit the skeletal warrior but do no damage.
The skeletal warrior is severely damaged.
The skeletal warrior hits you with a +0 hand axe!
* * * LOW HITPOINT WARNING * * *
Okay, then.
It was a potion of flight.
You feel very buoyant.
You fly up into the air.
The skeletal warrior hits you with a +0 hand axe!
* * * LOW HITPOINT WARNING * * *
You hit the skeletal warrior but do no damage.
The skeletal warrior is severely damaged.
The skeletal warrior hits you but does no damage.
The skeletal warrior completely misses you.
You feel better.
The skeletal warrior hits you but does no damage.
You hit the skeletal warrior but do no damage.
The skeletal warrior is severely damaged.
The skeletal warrior hits you with a +0 hand axe!!
You die...

#####♣.♣##### ###
#.......# ♣.♣
#####..##### ♣..
♣#..##..#.... ...
♣.#......#....
.♣♣. .
#......'.... ♣ ♣
.♣ ##.##..#....
#[# #.##..####'
♣♣##)# +.....#....
.. ∆ ♣♣..@#
#.....#.... ..♣ ∆∆
♣♣..##z#∆
###########. ♣..♣
∆ ♣♣..♣# #.#
#.........#. ♣..♣
♣♣..♣♣ .♣
#......[..'. ♣..♣
♣♣..♣♣ .
#...^...###'
♣..♣♣..♣♣
♣.#.......#...
♣....♣♣
♣#.......#.⌠.
♣♣..♣♣
#######''..>
#####♣.♣#####
#######.......#.⌠.


You could see a skeletal warrior.

Vanquished Creatures
  A cyclops (D:7)
  A gargoyle (D:7)
  A troll (D:7)
  Grinder (D:6)
  Prince Ribbit (D:7)
  A wyvern (D:7)
  A steam dragon (D:7)
  A water moccasin (D:5)
  An orc warrior (D:5)
  3 sky beasts
  2 black bears (D:5)
  A centaur (D:7)
  4 ogres
  A phantom (D:6)
  A kobold brigand (D:7)
  A bullfrog (Sewer)
  2 gnoll sergeants (D:6)
  5 scorpions
  3 necrophages
  7 hounds
  A gnoll bouda (D:6)
  3 orc priests
  Crazy Yiuf (D:4)
  Natasha (thrice) (D:3)
  2 iguanas
  6 orc wizards
  22 gnolls
  12 adders
  6 shadow imps
  9 white imps
  3 ufetubi (D:5)
  A worm (D:2)
  3 dart slugs (D:2)
  23 orcs
  7 endoplasms
  11 giant cockroaches
  7 goblins
  4 hobgoblins
  8 jackals
  12 quokkas
  9 ball pythons
  A bat (D:3)
  8 frilled lizards
  10 kobolds
  3 rats
214 creatures vanquished.

Vanquished Creatures (others)
  7 demonic plants (D:5)
7 creatures vanquished.

Grand Total: 221 creatures vanquished

Notes
Turn   | Place    | Note
-------+----------+-------------------------------------------
     0 | D:1      | Ijustatesigmund the Gnoll Earth Elementalist began the
                  | quest for the Orb.
     0 | D:1      | Reached XP level 1. HP: 13/13 MP: 6/6
   144 | D:1      | Found a faded altar of an unknown god.
   178 | D:1      | Found Plog's Distillery.
   198 | D:1      | Found Zaxa's Assorted Antiques.
   236 | D:1      | Found Xynefa's Book Emporium.
   455 | D:1      | Reached XP level 2. HP: 19/19 MP: 5/7
  1093 | D:1      | Found Zuodd's Distillery.
  1100 | D:1      | Bought 2 potions of curing for 66 gold pieces
  1424 | D:2      | Found Uczuic's Weapon Emporium.
  1546 | D:2      | Reached skill level 5 in Spellcasting
  1546 | D:2      | Reached XP level 3. HP: 25/25 MP: 3/9
  1807 | D:1      | Learned a level 3 spell: Stone Arrow
  1810 | D:1      | Learned a level 2 spell: Passwall
  1814 | D:2      | Reached skill level 1 in Invocations
  2376 | D:3      | Reached skill level 1 in Fighting
  2376 | D:3      | Reached skill level 1 in Short Blades
  2376 | D:3      | Reached skill level 1 in Long Blades
  2376 | D:3      | Reached skill level 1 in Axes
  2376 | D:3      | Reached skill level 1 in Maces & Flails
  2376 | D:3      | Reached skill level 1 in Polearms
  2376 | D:3      | Reached skill level 1 in Staves
  2376 | D:3      | Reached skill level 1 in Ranged Weapons
  2376 | D:3      | Reached skill level 1 in Throwing
  2376 | D:3      | Reached skill level 1 in Armour
  2376 | D:3      | Reached skill level 1 in Shields
  2376 | D:3      | Reached skill level 1 in Unarmed Combat
  2376 | D:3      | Reached skill level 1 in Evocations
  2483 | D:3      | Noticed Natasha
  2485 | D:3      | Killed Natasha
  2486 | D:3      | Reached skill level 1 in Conjurations
  2486 | D:3      | Reached skill level 1 in Hexes
  2486 | D:3      | Reached skill level 1 in Summonings
  2486 | D:3      | Reached skill level 1 in Necromancy
  2486 | D:3      | Reached skill level 1 in Translocations
  2486 | D:3      | Reached skill level 1 in Fire Magic
  2486 | D:3      | Reached skill level 1 in Ice Magic
  2486 | D:3      | Reached skill level 1 in Air Magic
  2486 | D:3      | Reached skill level 1 in Poison Magic
  2486 | D:3      | Reached XP level 4. HP: 32/32 MP: 7/11
  2491 | D:3      | Learned a level 4 spell: Petrify
  2723 | D:3      | Noticed Natasha
  2725 | D:3      | Killed Natasha
  3199 | D:3      | Reached XP level 5. HP: 37/37 MP: 9/12
  3403 | D:3      | Noticed Natasha
  3409 | D:3      | Killed Natasha
  3717 | D:4      | Reached XP level 6. HP: 30/44 MP: 3/14
  3854 | D:4      | Reached skill level 5 in Dodging
  4512 | D:4      | Found an opulent altar of Gozag.
  4576 | D:4      | Reached XP level 7. HP: 50/50 MP: 15/15
  4683 | D:4      | Found a runed translucent door.
  4684 | D:4      | Noticed Crazy Yiuf
  4999 | D:4      | Killed Crazy Yiuf
  5225 | D:5      | Entered Level 5 of the Dungeon
  5490 | D:5      | Reached skill level 5 in Stealth
  6479 | D:5      | Reached XP level 8. HP: 58/58 MP: 16/16
  6552 | D:5      | Identified the +4 short sword "Ettisod" {vorpal, Dex+4}
  8029 | D:1      | Bought a potion of heal wounds for 65 gold pieces
  8029 | D:1      | Bought a potion of curing for 39 gold pieces
  8040 | D:1      | Bought a fuming emerald potion for 27 gold pieces
  8040 | D:1      | Bought a scroll labelled IKOSIU OKLIYSA for 30 gold pieces
  8223 | D:6      | Found a glowing drain.
  8256 | Sewer    | Entered a sewer
  8587 | Sewer    | Identified the +0 ring mail of Uskayaw {rN+ rCorr}
  8720 | D:6      | Noticed Grinder
  8736 | D:6      | Killed Grinder
  8737 | D:6      | Reached XP level 9. HP: 65/65 MP: 16/18
  8909 | D:6      | Found Ted Qegi's Armour Shop.
 10247 | D:7      | Found Leppien's Armour Boutique.
 10458 | D:7      | Reached skill level 5 in Invocations
 10514 | D:7      | Noticed a troll
 10520 | D:7      | Killed a troll
 10752 | D:7      | Noticed a gargoyle
 10755 | D:7      | Killed a gargoyle
 10756 | D:7      | Reached skill level 5 in Fighting
 10756 | D:7      | Reached skill level 5 in Short Blades
 10756 | D:7      | Reached skill level 5 in Long Blades
 10756 | D:7      | Reached skill level 5 in Axes
 10756 | D:7      | Reached skill level 5 in Maces & Flails
 10756 | D:7      | Reached skill level 5 in Polearms
 10756 | D:7      | Reached skill level 5 in Staves
 10756 | D:7      | Reached skill level 5 in Ranged Weapons
 10756 | D:7      | Reached skill level 5 in Throwing
 10756 | D:7      | Reached skill level 5 in Armour
 10756 | D:7      | Reached skill level 5 in Shields
 10756 | D:7      | Reached skill level 5 in Unarmed Combat
 10756 | D:7      | Reached skill level 5 in Evocations
 10756 | D:7      | Reached XP level 10. HP: 74/74 MP: 19/20
 10909 | D:7      | Noticed a cyclops
 10909 | D:7      | Noticed Prince Ribbit
 10915 | D:7      | Killed a cyclops
 10937 | D:7      | Killed Prince Ribbit
 11437 | D:7      | Reached skill level 5 in Transmutations
 11501 | D:7      | Found a staircase to the Ecumenical Temple.
 11531 | Temple   | Entered the Ecumenical Temple
 11625 | Temple   | Became a worshipper of Cheibriados the Contemplative
 11901 | D:7      | Found a hazy altar of Hepliaklqana.
 12128 | D:7      | Noticed a skeletal warrior
 12142 | D:7      | Mangled by a skeletal warrior

Illustrated notes

Levels and vault maps discovered:
D:1:      grunt_arrival_lava_bath, layout_basic,
          shapermc_ecumenical_altar_totnotflames, serial_shops,
          nicolae_shop_advertising_works [nicolae_subvault_shop_adworks],
          shop_statue, shop_statue, nicolae_shop_temple_entry_statues_fountains,
          serial_co_window_serial, co_window_paths_a,
          co_window_of_opportunity_a, co_window_paths_b,
          co_window_of_opportunity_a, co_window_paths_b, co_window_corner_b,
          co_window_of_opportunity_c, co_window_corner_b, co_window_broadway_b,
          co_window_paths_c, co_window_corner_b, co_window_paths_e,
          glass_columns_c, glass_columns_a, glass_columns_b, glass_columns_a
D:2:      layout_basic, serial_shops, nicolae_shop_behind_doors
D:3:      layout_basic, st_stairs_13, kennysheep_another_room, uniq_natasha
D:4:      layout_basic, grunt_gozag_breadcrumbs, chequers_avenue,
          uniq_crazy_yiuf_cottage
D:5:      layout_layer_cave, serial_demonic, serial_demonic_c, serial_demonic_e,
          serial_demonic_e, serial_demonic_f, serial_demonic_d,
          serial_demonic_b, serial_demonic_b, serial_demonic_g,
          serial_demonic_f, serial_demonic_f
D:6:      layout_cave_pools, serial_gnoll_camp, gnoll_camp_mini_doghouse,
          gnoll_camp_mini_shop, gnoll_camp_mini_hut, gnoll_camp_mini_hut,
          gup_sewer_entry_pipe, uniq_grinder
D:7:      nzn_winding_woodlands_large [nzn_winding_woodlands_5x5_default,
          nzn_winding_woodlands_5x15_parted,
          nzn_winding_woodlands_5x5_perimeter,
          nzn_winding_woodlands_center_diamonds,
          nzn_winding_woodlands_15x15_thick_spiral,
          nzn_winding_woodlands_center_triple_pond,
          nzn_winding_woodlands_hourglass,
          nzn_winding_woodlands_5x15_river_crossing,
          nzn_winding_woodlands_5x5_default], layout_gridville,
          mainiacjoe_overflow_alcove_4, minmay_temple_entry_hall, serial_shops,
          kennysheep_mini, uniq_prince_ribbit1
Temple:   compressed_dpeg_circular_temple

Skill      XL: |  1  2  3  4  5  6  7  8  9 10 |
---------------+-------------------------------+-----
Transmutations | 2 3 4 5 |  5.0
Spellcasting   | 5 6 7 |  7.5
Invocations    | 1 2 3 4 5 6 |  6.0
Fighting       | 1 2 3 4 5 |  5.4
Short Blades   | 1 2 3 4 5 |  5.4
Long Blades    | 1 2 3 4 5 |  5.4
Axes           | 1 2 3 4 5 |  5.4
Maces & Flails | 1 2 3 4 5 |  5.4
Polearms       | 1 2 3 4 5 |  5.4
Staves         | 1 2 3 4 5 |  5.4
Ranged Weapons | 1 2 3 4 5 |  5.4
Throwing       | 1 2 3 4 5 |  5.4
Armour         | 1 2 3 4 5 |  5.4
Shields        | 1 2 3 4 5 |  5.4
Unarmed Combat | 1 2 3 4 5 |  5.4
Evocations     | 1 2 3 4 5 |  5.4
Conjurations   | 1 2 3 4 |  4.5
Hexes          | 1 2 3 4 |  4.5
Summonings     | 1 2 3 4 |  4.5
Necromancy     | 1 2 3 4 |  4.5
Translocations | 1 2 3 4 |  4.5
Fire Magic     | 1 2 3 4 |  4.5
Ice Magic      | 1 2 3 4 |  4.5
Air Magic      | 1 2 3 4 |  4.5
Poison Magic   | 1 2 3 4 |  4.5
Dodging        | 5 6 7 |  7.2
Stealth        | 5 6 7 |  7.0
Earth Magic    | 6 7 |  7.2

Action                   |  1- 3 |  4- 6 |  7- 9 | 10-12 || total
-------------------------+-------+-------+-------+-------++-------
Melee: Trident           |       |    26 |    48 |       ||    74
       Bite              |       |     3 |    11 |    10 ||    24
       Spear             |       |       |    66 |    63 ||   129
       Morningstar       |       |       |       |     9 ||     9
Throw: Dart              |     6 |    22 |    34 |       ||    62
 Cast: Sandblast         |    42 |    22 |    73 |    12 ||   149
       Stone Arrow       |     1 |    23 |   122 |    31 ||   177
       Passwall          |       |     2 |     3 |       ||     5
Evoke: Wand              |       |       |     1 |       ||     1
  Use: Scroll            |     3 |     2 |     8 |       ||    13
       Potion            |     1 |       |     3 |     4 ||     8
 Stab: Sleeping          |       |     1 |     7 |       ||     8
       Paralysed         |       |       |     1 |       ||     1
Armor: Robe              |       |     2 |    36 |       ||    38
       Leather armour    |       |       |    13 |    39 ||    52
Dodge: Dodged            |     7 |    27 |   135 |    63 ||   232
Block: Buckler           |       |       |    34 |    21 ||    55
